 Dungeon Crawl Stone Soup version 0.19.1-1-g22dce08 (webtiles) character file.

205 Peloso the Skirmisher (level 5, -3/45 (46) HPs)
             Began as a Ghoul Fighter on Jan 5, 2017.
             Slain by an orc warrior
             ... wielding a +0 long sword
              (11 damage)
             ... on level 5 of the Dungeon.
             The game lasted 00:08:18 (2732 turns).

Peloso the Skirmisher (Ghoul Fighter)               Turns: 2732, Time: 00:08:19

HP:   -3/45 (46)    AC:  9    Str: 25    XL:     5   Next: 83%
MP:   4/4           EV:  6    Int:  3    God:
Gold: 217           SH: 11    Dex: 14    Spells: 0 memorised, 4 levels left

rFire  . . .     SeeInvis .     a - +0 long sword
rCold  + . .     Gourm    .     t - +0 chain mail
rNeg   + + +     Faith    +     c - +1 shield
rPois  ∞         Spirit   .     (no helmet)
rElec  .         Reflect  .     (no cloak)
rCorr  .         Harm     .     (no gloves)
MR     .....                    (no boots)
Stlth  ..........               e - amulet of faith
                                (no ring)
                                k - +5 ring of dexterity

@: mighty, rotting
A: rotting body, claws 1, carnivore 3, cold resistance 1, negative energy
resistance 3, slow regeneration 1, torment resistance, unbreathing
a: no special abilities


You were on level 5 of the Dungeon.
You were not hungry.

You visited 1 branch of the dungeon, and saw 5 of its levels.

You collected 217 gold pieces.

Inventory:

Hand Weapons
 a - a +0 long sword (weapon)
Armour
 b - a +0 scale mail
 c - a +1 shield (worn)
 t - a +0 chain mail (worn)
Jewellery
 e - an amulet of faith (around neck)
 k - a +5 ring of dexterity (left claw)
 n - an uncursed ring of flight
 y - an uncursed ring of protection from magic
Scrolls
 g - a scroll of remove curse
 j - a scroll of magic mapping
 o - a scroll of teleportation
 s - a scroll of identify
Potions
 i - a potion of agility
 l - a potion of curing
 m - a potion of heal wounds
 p - a potion of invisibility
 u - 2 potions of flight
 v - a potion of berserk rage {unknown}
Comestibles
 f - a meat ration
 h - a beef jerky
 r - a slice of pizza
 w - a royal jelly


   Skills:
 + Level 4.0 Fighting
 + Level 3.2 Long Blades
 + Level 3.3 Armour
 + Level 1.0 Dodging
 + Level 0.8 Stealth
 + Level 3.7 Shields


You had 4 spell levels left.
You didn't know any spells.

Dungeon Overview and Level Annotations

Branches:
Dungeon (5/15)
 Temple: D:4-7

Altars:
Makhleb

Annotations:
D:4 humperndinck's ghost, novice DsAK


Innate Abilities, Weirdness & Mutations

Your body is rotting away.
You thrive on raw meat.
You are immune to poison.
You have sharp fingernails.
You are carnivorous and can eat meat at any time.
Your flesh is cold resistant. (rC+)
You are immune to negative energy. (rN+++)
You regenerate slowly when monsters are visible.
You are immune to unholy pain and torment.
You can survive without breathing.


Message History

You assume a fearsome visage.
The adder looks frightened!
It was a scroll of fear. 2 orcs and an orc warrior come into view.
The orc shouts! x2
An orc comes into view.
The orc warrior hits you with a long sword!
You feel very mighty all of a sudden. The orc completely misses you.
The orc warrior hits you with a long sword!
The orc warrior hits you with a long sword!
* * * LOW HITPOINT WARNING * * *
You slash the orc!
The orc is almost dead.
You slash the orc warrior!
The orc warrior is moderately wounded.
You block the orc warrior's attack.
You hit the orc warrior.
The orc warrior is heavily wounded.
The orc warrior hits you with a long sword!
You die...

.%.........<.#..#
#####.###....#.#
# ##.....#
#.#.#.# #.#...#
#.##..# #.##..#
#.####.##..#
.>......@oo.#
........##o####
.#.#######....# #
o..o..o...#
######....#
#.#..[.....#
#.....######
#####.# ..


You could see an orc warrior and 2 orcs.

Vanquished Creatures
  A hound (D:3)
  2 worker ants
  5 adders
  A shadow imp (D:3)
  3 worms
  An orc (D:4)
  9 bats
  10 goblins
  9 hobgoblins
  10 jackals (D:3)
  6 kobolds
  A frilled lizard (D:1)
  7 rats
65 creatures vanquished.

Notes
Turn   | Place    | Note
-------+----------+-------------------------------------------
     0 | D:1      | Peloso the Ghoul Fighter began the quest for the Orb.
     0 | D:1      | Reached XP level 1. HP: 19/19 MP: 0/0
    85 | D:1      | Reached XP level 2. HP: 21/25 MP: 1/1
   451 | D:2      | Reached XP level 3. HP: 28/31 MP: 2/2
  1225 | D:2      | Reached XP level 4. HP: 40/40 MP: 3/3
  1392 | D:3      | Reached skill level 1 in Dodging
  2044 | D:3      | Reached XP level 5. HP: 38/46 MP: 4/4
  2067 | D:3      | Found a burning altar of Makhleb.
  2289 | D:4      | Noticed humperndinck's ghost (novice DsAK)
  2638 | D:4      | Noticed an ogre
  2670 | D:5      | Entered Level 5 of the Dungeon
  2683 | D:5      | Reached skill level 4 in Fighting
  2719 | D:5      | Noticed an orc warrior
  2732 | D:5      | Slain by an orc warrior

Skill      XL: |  1  2  3  4  5 |
---------------+----------------+-----
Shields        | 3 |  3.7
Long Blades    | 2 3 |  3.2
Armour         | 3 |  3.3
Dodging        | 1 |  1.0
Fighting       | 4 |  4.0
Stealth        | |  0.8

Action                   |  1- 3 |  4- 6 || total
-------------------------+-------+-------++-------
Melee: Long sword        |   130 |   155 ||   285
  Use: Scroll            |       |    14 ||    14
       Potion            |       |     1 ||     1
  Eat: Chunk             |     6 |     5 ||    11
Armor: Scale mail        |   116 |       ||   116
       Chain mail        |       |   118 ||   118
Dodge: Dodged            |    89 |    47 ||   136
Block: Shield            |   106 |    91 ||   197
       Rpst.: Long sword |    33 |    16 ||    49
